Map: Odyssey LE

Players

LiquidSnute (Snute) - Winner!

  • Race: Zerg Zerg
  • League: Master
  • Spawn Location: 11:00

Solar

  • Race: Zerg Zerg
  • Spawn Location: 5:00

Event: HomeStory Cup XVI

VOD

Have the link to the VOD?

Description

Time

  • Played on: Nov. 12, 2017, 12:55 p.m.
  • Length: 8:15

All games in this series

Show
View Real Time Build Order
Export as new Build Order

LiquidSnute Zerg - Winner!

Build Orders: Hatch First 

Get SALT Encoding   

  12  0:00  Drone  
  13  0:12  Overlord  
  13  0:17  Drone  
  14  0:30  Drone x2  
  14  0:34  Drone  
  17  0:51  Hatchery  
  17  0:54  Drone  
  17  0:58  Drone  
  17  1:01  Extractor  
  17  1:13  Spawning Pool  
  17  1:16  Drone  
  17  1:19  Drone  
  18  1:27  Drone  
  19  1:38  Overlord  
  19  1:49  Drone  
  20  1:59  Queen  
  20  2:00  Metabolic Boost  
  22  2:02  Queen  
  22  2:03  Drone  
  22  2:07  Zergling x2  
  26  2:10  Zergling x2  
  26  2:14  Zergling x2  
  28  2:21  Drone  
  29  2:24  Drone  
  30  2:32  Zergling x2  
  30  2:35  Queen  
  30  2:36  Zergling x2  
  34  2:44  Spine Crawler  
  34  2:45  Zergling x2  
  34  2:50  Zergling x2  
  32  3:00  Zergling x4  
  32  3:03  Queen  
  32  3:04  Zergling x2  
  31  3:10  Zergling x2  
  29  3:15  Zergling x2  
  26  3:26  Zergling x2  
  26  3:27  Queen, Zergling x2  
  23  3:31  Baneling Nest  
  24  3:37  Zergling x4  
  26  3:48  Queen  
  26  3:57  Zergling x4  
  28  4:05  Zergling x4  
  27  4:10  Zergling x2  
  27  4:13  Zergling x2  
  29  4:17  Baneling  
  29  4:19  Zergling x2  
  29  4:23  Zergling x2  
  28  4:28  Zergling x2  
  28  4:29  Zergling x2  
  22  4:42  Baneling  
  22  4:43  Baneling  
  22  4:55  Zergling x6  
  24  5:02  Zergling x4  
  24  5:05  Baneling  
  26  5:09  Zergling x2  
  26  5:11  Baneling  
  24  5:17  Zergling x2  
  21  5:24  Zergling x2  
  22  5:38  Queen  
  22  5:47  Zergling x6  
  23  5:54  Zergling x4  
  22  6:09  Baneling  
  23  6:15  Queen  
  22  6:26  Baneling  
  22  6:34  Queen  
  24  6:46  Baneling  
  23  6:51  Queen  
  23  6:52  Zergling x2  
  23  7:01  Zergling x4  
  24  7:05  Zergling x2  
  25  7:12  Zergling x2  
  25  7:14  Baneling  
  25  7:25  Baneling x2  
  25  7:27  Zergling x2  
  26  7:32  Drone  
  27  7:48  Drone x3  
Show
View Real Time Build Order
Export as new Build Order

Solar Zerg 

Build Orders: 1 Base Baneling Bust, Pool Only, Zergling Baneling 

Get SALT Encoding   

  12  0:01  Drone  
  13  0:14  Extractor  
  12  0:23  Spawning Pool  
  12  0:27  Drone  
  12  0:32  Drone  
  13  0:38  Drone  
  14  0:49  Overlord  
  14  1:10  Queen, Zergling x2  
  17  1:17  Metabolic Boost  
  17  1:22  Zergling x2  
  18  1:26  Zergling x2  
  18  1:31  Zergling x2  
  20  1:35  Zergling x2  
  21  1:44  Baneling Nest  
  20  1:48  Zergling x2  
  21  1:58  Overlord  
  21  2:06  Zergling x2  
  22  2:17  Zergling x2  
  22  2:18  Zergling x4  
  22  2:22  Zergling x2  
  26  2:30  Baneling x3  
  26  2:33  Zergling x2  
  27  2:44  Zergling x2  
  27  2:47  Baneling  
  25  2:59  Zergling x2  
  25  3:02  Zergling x2  
  25  3:03  Baneling x2  
  25  3:05  Zergling x2  
  25  3:11  Zergling x2  
  23  3:20  Zergling x2  
  23  3:26  Zergling x2  
  22  3:30  Zergling x2  
  22  3:31  Zergling x4  
  25  3:35  Baneling x2  
  25  3:38  Zergling x2  
  26  3:43  Baneling  
  25  3:49  Overlord  
  24  3:58  Baneling  
  24  4:08  Zergling x6  
  27  4:10  Zergling x2  
  28  4:18  Baneling  
  28  4:19  Zergling x2  
  26  4:29  Zergling x2  
  26  4:30  Zergling x2  
  26  4:33  Zergling x2  
  26  4:36  Zergling x2  
  24  4:43  Zergling x2  
  25  4:48  Baneling x3  
  25  4:55  Zergling x2  
  25  4:59  Baneling  
  24  5:06  Zergling x2  
  24  5:09  Zergling x4  
  26  5:14  Zergling x2  
  25  5:21  Zergling x2  
  25  5:24  Baneling  
  25  5:30  Zergling x2  
  24  5:37  Baneling x2  
  24  5:39  Zergling x2  
  24  5:41  Zergling x2  
  24  5:51  Baneling  
  24  5:52  Zergling x2  
  24  5:57  Zergling x2  
  24  6:02  Zergling x2  
  24  6:06  Baneling x2  
  24  6:09  Zergling x2  
  24  6:12  Zergling x2  
  25  6:20  Zergling x2  
  25  6:23  Baneling  
  25  6:24  Zergling x2  
  25  6:35  Zergling x2  
  26  6:40  Zergling x2  
  26  6:42  Zergling x2  
  26  6:46  Zergling x2  
  26  6:48  Zergling x2  
  26  6:51  Zergling x2  
  24  6:58  Zergling x2  
  23  7:10  Zergling x2  
  23  7:20  Zergling x2  
  23  7:25  Baneling x2  
  23  7:26  Zergling x6  
  23  7:27  Baneling  
  25  7:38  Baneling, Zergling x2  
  25  7:49  Zergling x2  
  24  7:51  Zergling x4  
Tags
 
Add a new tag
Caveats
  • Supply blocks, unpowered buildings, or Contaminate may cause inaccurate times.
  • Supply counts are checked every 10 seconds.